 Dungeon Crawl Stone Soup version 0.22.1-2-g9c5b331 (webtiles) character file.

116 Tiagovsky the Vandal (level 5, -1/35 HPs)
             Began as a Halfling Hunter on Dec 28, 2018.
             Slain by Pikel
             ... wielding a +1 whip of electrocution
              (20 damage)
             ... on level 4 of the Dungeon.
             The game lasted 00:15:15 (2242 turns).

Tiagovsky the Vandal (Halfling Hunter)              Turns: 2242, Time: 00:15:16

Health: -1/35      AC:  3    Str: 14    XL:     5   Next: 21%
Magic:  5/5        EV: 15    Int:  9    God:
Gold:   99         SH:  0    Dex: 15    Spells: 4/4 levels left

rFire    . . .     SeeInvis .   b - +0 short sword
rCold    . . .     Gourm    .   (shield restricted)
rNeg     . . .     Faith    .   c - +0 leather armour
rPois    .         Spirit   .   (no helmet)
rElec    .         Reflect  .   (no cloak)
rCorr    .         Harm     .   (no gloves)
MR       .....                  (no boots)
Stlth    ++........             (no amulet)
HPRegen  0.11/turn              (no ring)
MPRegen  0.09/turn              (no ring)

@: no status effects
A: small, mutation resistance 1
a: no special abilities


You were on level 4 of the Dungeon.
You were hungry.

You visited 1 branch of the dungeon, and saw 4 of its levels.

You collected 99 gold pieces.

Inventory:

Hand Weapons
 a - a +1 hunting sling
 b - a +0 short sword (weapon)
Missiles
 e - 55 stones (quivered)
 p - 32 arrows
Armour
 c - a +0 leather armour (worn)
 k - a +0 robe
Wands
 t - a wand of paralysis (17)
Scrolls
 g - a scroll of teleportation {unknown}
 i - 2 scrolls of remove curse
 m - 2 scrolls of identify {unknown}
 q - a scroll of blinking {unknown}
 r - a scroll of fear {unknown}
Potions
 h - 2 potions of haste {unknown}
 j - a potion of might {unknown}
 l - a potion of lignification {unknown}
 n - a potion of ambrosia {unknown}
 s - a potion of curing {unknown}
Comestibles
 f - 5 rations


   Skills:
 + Level 2.6 Fighting
 + Level 6.7 Slings
 + Level 3.3 Dodging
 + Level 2.7 Stealth


You had 4 spell levels left.
You didn't know any spells.
Your spell library contained the following spells:

 Spells                   Type           Power        Failure   Level  Hunger
 Animate Skeleton         Necr           N/A          45%         1    ##.....
 Apportation              Tloc           #.....       45%         1    ##.....
 Confusing Touch          Hex            #.....       45%         1    ##.....
 Summon Small Mammal      Summ           #...         45%         1    ##.....


Dungeon Overview and Level Annotations

Branches:
Dungeon (4/15)
 Temple: D:4-7

Altars:
Ru

Annotations:
D:4 Pikel


Innate Abilities, Weirdness & Mutations

You are small and have problems with some larger weapons.
You are somewhat resistant to further mutation.


Message History

Pikel is heavily wounded.
Pikel hits you with a whip of electrocution.
You hit Pikel but do no damage.
Pikel is heavily wounded.
Pikel barely misses you.
You hit Pikel.
Pikel is heavily wounded.
Pikel misses you.
You hit Pikel.
Pikel is severely wounded.
Pikel barely misses you.
You closely miss Pikel.
Pikel is severely wounded.
Pikel closely misses you.
You hit Pikel.
Pikel is severely wounded.
Pikel hits you with a whip of electrocution.
Pikel hits you but does no damage.
You are electrocuted!
Ouch! That really hurt!
You die...

.# ....# .# .#
#..#.# # #.##
.# .
#...#.#.#...###
.# #.
#...#.#($.....
.######.#
#.....p...#
......# . #pp#
#####.###. #p##
#...#.######K#
###.#.......@#
#.###.....##
#.# #.....#
###.###.....#
#....##.....#
#...['...####
#....#####
######


You could see Pikel and 4 slaves.

Vanquished Creatures
  Terence (D:2)
  An adder (D:2)
  An ooze (D:2)
  3 worms
  2 dart slugs (D:1)
  3 leopard geckos
  5 orcs (D:3)
  2 giant cockroaches
  8 hobgoblins
  7 jackals
  2 quokkas
  2 ball pythons
  4 bats
  5 frilled lizards
  4 goblins
  6 kobolds
  2 rats
58 creatures vanquished.

Notes
Turn   | Place    | Note
-------+----------+-------------------------------------------
     0 | D:1      | Tiagovsky the Halfling Hunter began the quest for the Orb.
     0 | D:1      | Reached XP level 1. HP: 14/14 MP: 1/1
   146 | D:1      | Reached skill level 6 in Slings
   146 | D:1      | Reached XP level 2. HP: 19/19 MP: 2/2
   575 | D:1      | Reached XP level 3. HP: 24/24 MP: 3/3
   591 | D:1      | You fall through a shaft!
   953 | D:2      | Reached XP level 4. HP: 29/29 MP: 4/4
   958 | D:2      | Noticed Terence
   988 | D:2      | Killed Terence
  1401 | D:2      | Found a sacrificial altar of Ru.
  1770 | D:3      | Reached XP level 5. HP: 26/35 MP: 5/5
  2214 | D:4      | Noticed Pikel
  2219 | D:4      | Noticed a slave
  2220 | D:4      | Noticed a slave
  2220 | D:4      | Noticed a slave
  2221 | D:4      | Noticed a slave
  2242 | D:4      | Slain by Pikel

Skill      XL: |  1  2  3 |
---------------+----------+-----
Slings         | 6 |  6.7
Fighting       | 2 |  2.6
Stealth        | 2 |  2.7
Dodging        | 3 |  3.3

Action                   |  1- 3 |  4- 6 || total
-------------------------+-------+-------++-------
Melee: Short sword       |     7 |    46 ||    53
 Fire: Hunting sling     |    82 |    80 ||   162
  Use: Scroll            |       |     1 ||     1
  Eat: Chunk             |       |     3 ||     3
Armor: Leather armour    |     6 |     7 ||    13
Dodge: Dodged            |    16 |    47 ||    63
